 Dungeon Crawl Stone Soup version 0.27.1-3-gb3d3a73c9e (webtiles) character file.

Game seed: 8487507089641507212

7 Crownlay the Digger (level 2, 0/15 HPs)
             Began as a Gargoyle Earth Elementalist on Oct 17, 2021.
             Slain by a giant cockroach (1 damage)
             ... on level 1 of the Dungeon.
             The game lasted 00:00:50 (91 turns).

Crownlay the Digger (Gargoyle Earth Elementalist)     Turns: 91, Time: 00:00:50

Health: 0/15       AC:  4    Str: 11    XL:     2   Next: 0%
Magic:  1/5        EV: 11    Int: 15    God:
Gold:   0          SH:  0    Dex: 10    Spells: 4/5 levels left

rFire    . . .     SeeInvis .   (no weapon)
rCold    . . .     Faith    .   (no shield)
rNeg     + . .     Spirit   .   b - +0 robe
rPois    ∞         Reflect  .   (no helmet)
rElec    +         Harm     .   (no cloak)
rCorr    .         Rampage  .   (no gloves)
Will     .....                  (no boots)
Stlth    ++........             (no amulet)
HPRegen  0.05/turn              (no ring)
MPRegen  0.09/turn              (no ring)

@: no status effects
A: sickness immunity, AC +2, negative energy resistance 1, electricity
resistance, torment resistance 1, petrification resistance
a: no special abilities


You were on level 1 of the Dungeon.
You visited 1 branch of the dungeon, and saw 1 of its levels.

Inventory:

Missiles
 c - 24 stones
Armour
 b - a +0 robe (worn)


   Skills:
 - Level 1.5 Dodging
 - Level 2.1 Stealth
 + Level 2.2 Spellcasting
 - Level 0.7 Transmutations
 + Level 3.9 Earth Magic


You had 4 spell levels left.
You knew the following spells:

 Your Spells              Type           Power      Damage    Failure   Level
a - Sandblast             Erth           26%        2d8       4%          1

Your spell library contained the following spells:

 Spells                   Type           Power      Damage    Failure   Level
 Passwall                 Tmut/Erth      6%         N/A       12%         2
 Stone Arrow              Conj/Erth      14%        3d7       28%         3
 Corpse Rot               Necr/Air       N/A        N/A       32%         2
 Poisonous Vapours        Pois/Air       2%         N/A       32%         2
 Petrify                  Tmut/Erth      8%         N/A       63%         4
 Freezing Cloud           Conj/Ice/Air   0%         6-21      99%         5


Dungeon Overview and Level Annotations

Branches:
Dungeon (1/15)

Altars:


Innate Abilities, Weirdness & Mutations

You are immune to sickness and miasma.
Your stone body is resilient. (AC +2)
You are immune to poison.
You resist negative energy. (rN+)
You are resistant to electric shocks. (rElec)
You are resistant to unholy torment.
You are immune to petrification.


Message History

The hobgoblin barely misses you.
You hit the hobgoblin.
The hobgoblin is almost dead.
The hobgoblin barely misses you.
You closely miss the hobgoblin.
The hobgoblin is almost dead.
The hobgoblin barely misses you.
You hit the hobgoblin.
You kill the hobgoblin!
You have reached level 2!
You hit the giant cockroach.
The giant cockroach is moderately wounded.
The giant cockroach closely misses you.
You closely miss the giant cockroach.
The giant cockroach is moderately wounded.
The giant cockroach barely misses you.
You hit the giant cockroach.
The giant cockroach is heavily wounded.
The giant cockroach closely misses you.
You barely miss the giant cockroach.
The giant cockroach is heavily wounded.
The giant cockroach barely misses you.
The giant cockroach bites you but does no damage.
You closely miss the giant cockroach.
The giant cockroach is heavily wounded.
The giant cockroach bites you but does no damage.
You hit the giant cockroach.
The giant cockroach is almost dead.
The giant cockroach misses you.
You barely miss the giant cockroach.
The giant cockroach is almost dead.
The giant cockroach misses you.
You hit the giant cockroach but do no damage.
The giant cockroach is almost dead.
The giant cockroach bites you.
* * * LOW HITPOINT WARNING * * *
You hit the giant cockroach but do no damage.
The giant cockroach is almost dead.
The giant cockroach barely misses you. The giant cockroach bites you.
You die...

#.## ##.# #†#
#..#####..###.####
#...##...#.†......
+....##....##.####
#..#..#...†.......
#....##.......####
#...##..#####.#
#..##..## #...
#@##..## #.##.#
#.Bhh## .S #
######


You could see 2 jackals and a giant cockroach.

Vanquished Creatures
  A bat (D:1)
  2 hobgoblins (D:1)
  2 jackals (D:1)
5 creatures vanquished.

Notes
Turn   | Place    | Note
-------+----------+-------------------------------------------
     0 | D:1      | Crownlay the Gargoyle Earth Elementalist began the quest
                  | for the Orb.
     0 | D:1      | Reached XP level 1. HP: 10/10 MP: 3/3
    83 | D:1      | Reached XP level 2. HP: 2/15 MP: 1/5
    91 | D:1      | Slain by a giant cockroach

Illustrated notes

Levels and vault maps discovered:
D:1:      amcnicky_arrival_feature_with_door, layout_rooms

Action                   || total
-------------------------++-------
Melee: Unarmed           ||    31
 Cast: Sandblast         ||     6
Armor: Robe              ||     6
Dodge: Dodged            ||    28
